 Dungeon Crawl Stone Soup version 0.30.1-11-g7821555f0a (webtiles) character file.

Game seed: 14973433075688441038

24155 SniperLyfe the Convoker (level 12, -3/58 HPs)
             Began as a Felid Summoner on Dec 6, 2023.
             Was an Initiate of Gozag.
             Slain by an orc sorcerer
             ... wielding a +0 dagger
              (5 damage)
             ... while paralysed by an orc sorcerer
             ... on level 2 of the Orcish Mines.
             The game lasted 02:18:04 (22707 turns).

SniperLyfe the Convoker (Felid Summoner)           Turns: 22707, Time: 02:18:05

Health: -3/58      AC:  3    Str:  8    XL:     12   Next: 78%
Magic:  30/35      EV:  4    Int: 27    God:    Gozag
Gold:   1387       SH:  0    Dex: 17    Spells: 1/30 levels left
                                        Lives:  0   Deaths: 2

rFire   . . .        (weapon unavailable)
rCold   + . .        (shield unavailable)
rNeg    . . .        (body armour unavailable)
rPois   .            (helmet unavailable)
rElec   .            (cloak unavailable)
rCorr   .            (gloves unavailable)
SInv    +            (boots unavailable)
Will    +....        k - amulet of regeneration
Stlth   +++          E - ring of magical power
HPRegen 1.09/turn    p - +6 ring of intelligence
MPRegen 0.24/turn

%: no passive effects
@: paralysed, forested, quick
A: very small, claws 1, fangs 3, see invisible, speed 1, shaggy fur 3, stealthy
paws, no weapons or thrown items, no armour, multi-lived, thin skeletal
structure 1, strong 1
a: Renounce Religion, Potion Petition, Call Merchant, Bribe Branch


You were on level 2 of the Orcish Mines.
You worshipped Gozag.
Gozag was most pleased with you.
You visited 5 branches of the dungeon, and saw 18 of its levels.
You also visited: Ossuary.

You collected 3764 gold pieces.
You spent 840 gold pieces at shops.
You paid 1537 gold pieces to Gozag.

Inventory:

Jewellery
 e - an amulet of guardian spirit
 k - an amulet of regeneration (around neck)
 n - a +4 ring of slaying
 p - a +6 ring of intelligence (right paw)
 D - a +4 ring of protection
 E - a ring of magical power (left paw)
 H - a +4 ring of protection
 J - a ring of see invisible
 L - a ring of positive energy
 M - a ring of protection from cold
 R - a ring of ice
 V - a ring of resist corrosion
Wands
 g - a wand of flame (13)
 x - a wand of iceblast (21)
 y - a wand of acid (6)
 G - a wand of paralysis (9)
 O - a wand of polymorph (6)
Scrolls
 c - a scroll of brand weapon
 i - a scroll of summoning
 j - 10 scrolls of teleportation
 l - 5 scrolls of poison
 m - 2 scrolls of immolation
 o - 2 scrolls of identify
 q - 8 scrolls of noise
 r - 5 scrolls of enchant armour
 u - a scroll of enchant weapon
 v - a scroll of amnesia
 w - a scroll of fear
 A - a scroll of torment
 B - a scroll of blinking (quivered)
 I - 2 scrolls of magic mapping
 P - 2 scrolls of vulnerability
 U - a scroll of fog {unknown}
Potions
 a - a potion of magic
 b - 9 potions of curing
 d - a potion of ambrosia {unknown}
 f - 3 potions of cancellation {unknown}
 h - 2 potions of resistance
 s - 3 potions of might {unknown}
 t - 3 potions of lignification
 z - 2 potions of attraction {unknown}
 C - 3 potions of flight {unknown}
 F - 3 potions of brilliance {unknown}
 K - 2 potions of invisibility
 N - a potion of berserk rage {unknown}
 S - 2 potions of degeneration {unknown}
 T - a potion of heal wounds
 W - a potion of mutation
Miscellaneous
 Q - a tin of tremorstones (2/2)


   Skills:
 - Level 10.0 Fighting
 - Level 10.0 Dodging
 - Level 2.6 Stealth
 + Level 9.5 Spellcasting
 - Level 5.0 Hexes
 - Level 16.0 Summonings
 * Level 5.8 Necromancy
 - Level 10.0 Translocations
 - Level 7.0 Air Magic
 - Level 1.0 Evocations


You had one spell level left.
You knew the following spells:

 Your Spells              Type           Power      Damage    Failure   Level
a - Summon Hydra          Summ           39%        N/A       5%          7
b - Haunt                 Necr/Summ      32%        N/A       41%         7
c - Call Canine Familiar  Summ           78%        N/A       1%          3
d - Summon Guardian Gole  Hex/Summ       62%        N/A       1%          3
e - Summon Lightning Spi  Summ/Air       66%        N/A       1%          4
f - Summon Forest         Summ/Tloc      35%        N/A       1%          5

Your spell library contained the following spells:

 Spells                   Type           Power      Damage    Failure   Level
 Summon Small Mammal      Summ           100%       N/A       0%          1
 Kiss of Death            Conj/Necr      100%       2d13      1%          1
 Shock                    Conj/Air       100%       1d9       1%          1
 Magic Dart               Conj           48%        1d5       4%          1
 Call Imp                 Summ           100%       N/A       0%          2
 Lesser Beckoning         Tloc           100%       N/A       1%          2
 Confusing Touch          Hex            39%        N/A       1%          3
 Gell's Gravitas          Tloc           61%        N/A       1%          3
 Swiftness                Air            50%        N/A       1%          3
 Teleport Other           Tloc           61%        N/A       1%          3
 Tukima's Dance           Hex            39%        N/A       1%          3
 Manifold Assault         Tloc           61%        N/A       1%          4
 Passage of Golubria      Tloc           61%        N/A       1%          4
 Airstrike                Air            25%        2d(4-20)  2%          4
 Dazzling Flash           Conj/Hex       52%        N/A       4%          3
 Inner Flame              Hex/Fire       26%        N/A       4%          3
 Dispel Undead            Necr           44%        3d17      4%          4
 Searing Ray              Conj           24%        2d5       7%          2
 Agony                    Necr           44%        N/A       11%         5
 Silence                  Hex/Air        22%        N/A       11%         5
 Dispersal                Tloc           30%        N/A       12%         6
 Fulminant Prism          Conj/Hex       13%        3d8       16%         4
 Yara's Violent Unravell  Hex/Tmut       13%        3d7       41%         5
 Enfeeble                 Hex            19%        N/A       99%         7
 Disjunction              Tloc           30%        N/A       99%         8
 Eringya's Noxious Bog    Tmut/Pois      6%         N/A       100%        6
 Infestation              Necr           22%        N/A       100%        8
 Animate Dead             Necr           Unusable   N/A       N/A         4

Dungeon Overview and Level Annotations

Branches:
Dungeon (9/15)             Temple (1/1) D:5            Lair (5/5) D:9
 Shoals (0/4) Lair:2        Snake (0/4) Lair:2        Slime (1/5) Lair:5
    Orc (2/2) D:9         Ossuary (visited)
    Elf: Orc:2

Altars:
Ashenzari
Cheibriados
Dithmenos
Elyvilon
Fedhas
Gozag
Hepliaklqana
Kikubaaqudgha
Makhleb
Nemelex Xobeh
Okawaru
Qazlal
Ru
Sif Muna
Trog
Uskayaw
Vehumet
Wu Jian
Xom
Yredelemnul
Zin
The Shining One
Jiyva

Shops:
Orc:1 *[   Lair:2 *:

Annotations:
Orc:2 Saint Roka


Innate Abilities, Weirdness & Mutations

You have sharp claws.
You have razor-sharp teeth.
You have supernaturally acute eyesight. (SInv)
You cover ground quickly. (Speed+)
Your thick and shaggy fur keeps you warm. (AC +3, rC+)
Your paws help you pounce on unaware monsters.
You are incapable of wielding weapons or throwing items.
You cannot wear armour.
You gain extra lives every three experience levels.
You have a somewhat thin skeletal structure. (Dex +2, Stealth+)
Your muscles are strong. (Str +4, Int/Dex -1)


Message History

An orc priest comes into view. It is wielding a +0 dagger.
An orc sorcerer comes into view. It is wielding a +0 dagger.
There is an escape hatch in the ceiling here.
A mysterious force pulls you upwards. The hatch slams shut behind you.
You start resting.
Magic restored.
There is a stone staircase leading down here.
You climb downwards.
The orc warrior shouts!
The orc priest shouts!
You hear a shout!
The orc warrior misses you. The orc sorcerer completely misses you.
You hear a shout!
There is a stone staircase leading up here.
Things that are here:
14 gold pieces; a +0 flail
Casting: Summon Lightning Spire (safe; 1% risk of failure)
Confirm with . or Enter, or press ? or * to list all spells.
A forested plane collides here with a resounding crunch!
Your dryad calls out to the forest.
The forest starts to sway and rumble!
Saint Roka the Messiah comes into view.
They are wielding a +0 great sword of electrocution and wearing a +3 plate armour of willpower.
The orc warrior hits you with a +0 glaive!
The orc warrior completely misses you. The orc sorcerer casts a spell at you.
You suddenly lose the ability to move!
The orc sorcerer mumbles some strange words.
Send 'em back where they came from!
Your dryad shudders.
An orc warrior comes into view. It is wielding a +0 glaive.
The orc warrior is hit by a branch!
A root smacks the orc sorcerer from below!
A root smacks Saint Roka from below!
A root smacks the orc warrior from below!
Saint Roka roars a battlecry!
The orcs go into a battle-frenzy!
The orc warrior hits you with a +0 glaive!!
The orc warrior hits you with a +0 scimitar!!
* * * LOW HITPOINT WARNING * * *
The orc sorcerer hits you with a +0 dagger.
You die...
Your body crumbles into a pile of gold.

##♣ $ ###.##
##....#
♣♣$..$##
♣♣<♣R.♣# $
#o.o...♣
##@o..###
♣.o.....♣#
♣$.$.....♣
.$o#$##....♣
.o$........♣#
...♣.$#...♣.##
.....♣.#.#..♣
.....$.....#.##
$ ..##.....##


You could see Saint Roka, 2 orc sorcerers, 3 orc warriors and a friendly dryad
(summoned).

Vanquished Creatures
  A nameless horror (Lair:5)
  A water moccasin (Lair:3)
  An orc wizard (D:5)
  2 ufetubi
  A ball python (D:3)
  An endoplasm (D:4)
  A giant cockroach (D:1)
  3 jackals (D:1)
  A kobold (D:2)
  A kobold zombie (Ossuary)
13 creatures vanquished.

Vanquished Creatures (collateral kills)
  Rupert (Lair:4)
  Donald (Orc:2)
  2 quicksilver oozes (Slime:1)
  3 hydras
  Erica (D:9)
  8 death yaks
  An alligator (Lair:5)
  A skyshark (Lair:5)
  2 orc knights
  An orc sorcerer (Orc:2)
  A shining eye (Slime:1)
  A merfolk siren (Lair:2)
  7 elephants
  3 black mambas (Lair:5)
  11 cane toads
  3 nameless horrors
  9 rime drakes
  9 komodo dragons
  4 polar bears
  5 hornets (Lair:5)
  19 blink frogs
  2 dream sheep (Lair:5)
  13 spriggans
  3 wyverns
  14 slime creatures (Slime:1)
  24 yaks
  4 golden eyes (Slime:1)
  3 basilisks
  4 steam dragons
  3 wargs (Orc:1)
  2 nagas (Lair:2)
  4 water moccasins
  An ice beast (D:8)
  8 orc warriors
  A sky beast (D:3)
  4 black bears (Lair:5)
  17 wolves
  6 centaurs
  5 ogres
  3 boggarts (Lair:5)
  9 bullfrogs
  2 kobold brigands (D:8)
  A scorpion (D:7)
  4 water moccasin zombies (Ossuary)
  2 electric eels
  5 vampire bats (Orc:2)
  A howler monkey (D:5)
  5 hounds
  4 orc priests
  3 iguanas
  11 orc wizards
  2 sleepcaps
  2 mummies (Ossuary)
  6 adders
  7 gnolls
  3 white imps
  2 ufetubi
  An adder skeleton (D:2)
  7 adder zombies
  3 worms
  2 dart slugs
  36 orcs
  10 ball pythons
  A bat skeleton (D:2)
  6 endoplasms
  A giant cockroach (D:4)
  4 gnoll zombies (Ossuary)
  6 goblins
  7 hobgoblins
  10 kobolds
  5 quokkas
  4 bats
  3 frilled lizards
  4 hobgoblin zombies (Ossuary)
  4 kobold zombies (Ossuary)
  2 orc zombies (Ossuary)
  A quokka zombie (D:7)
  23 rats
  A rat zombie (D:7)
  A spectral hobgoblin (D:2)
  A snaplasher vine (Lair:5)
426 creatures vanquished.

Vanquished Creatures (others)
  4 death yaks
  A skyshark (Lair:2)
  4 komodo dragons
  A troll (D:9)
  2 yaks
  2 slime creatures (Slime:1)
  An acid dragon (D:9)
  An orc warrior (D:8)
  A centaur (Lair:3)
  A gnoll sergeant (D:5)
  An orc priest (D:7)
  A gnoll bouda (D:5)
  9 snaplasher vines
29 creatures vanquished.

Grand Total: 468 creatures vanquished

Notes
Turn   | Place    | Note
-------+----------+-------------------------------------------
     0 | D:1      | SniperLyfe the Felid Summoner began the quest for the Orb.
     0 | D:1      | Reached XP level 1. HP: 7/7 MP: 4/4
   217 | D:1      | Reached XP level 2. HP: 11/11 MP: 3/6
   719 | D:1      | Learned a level 2 spell: Call Imp
  1204 | D:2      | Reached XP level 3. HP: 8/14 MP: 5/8
  1480 | D:2      | Learned a level 3 spell: Call Canine Familiar
  1849 | D:2      | Found a faded altar of an unknown god.
  2142 | D:2      | Reached XP level 4. HP: 18/18 MP: 1/9
  2279 | D:3      | Learned a level 3 spell: Summon Guardian Golem
  2413 | D:3      | Found a snail-covered altar of Cheibriados.
  2683 | D:3      | Found a sparkling altar of Nemelex Xobeh.
  2882 | D:3      | Reached skill level 1 in Evocations
  2903 | D:3      | Noticed a sky beast
  2926 | D:3      | Killed a sky beast
  2927 | D:3      | Reached skill level 5 in Summonings
  2927 | D:3      | Reached XP level 5. HP: 21/21 MP: 2/11
  3076 | D:3      | Found an iron altar of Okawaru.
  4098 | D:4      | Gained mutation: You are covered in thick fur. (AC +2)
                  | [Felid growth]
  4098 | D:4      | Reached XP level 6. HP: 24/24 MP: 5/12
  4757 | D:5      | Entered Level 5 of the Dungeon
  5087 | D:5      | Reached skill level 5 in Hexes
  5092 | D:5      | Learned a level 4 spell: Summon Lightning Spire
  5188 | D:5      | Reached skill level 1 in Air Magic
  5293 | D:5      | Found a staircase to the Ecumenical Temple.
  5294 | D:5      | Reached XP level 7. HP: 27/27 MP: 5/14
  6007 | D:6      | Reached skill level 1 in Fighting
  6267 | D:6      | Reached skill level 6 in Summonings
  7026 | D:7      | Noticed a steam dragon
  7036 | D:7      | Killed a steam dragon
  7180 | D:7      | Reached XP level 8. HP: 29/33 MP: 16/16
  7267 | D:7      | Found a sand-covered staircase.
  7284 | Ossuary  | Entered an ossuary
  7516 | Ossuary  | Reached skill level 5 in Spellcasting
  8002 | D:7      | Found a glowing golden altar of the Shining One.
  8091 | D:7      | Found a broken altar of Ashenzari.
  8424 | D:7      | Reached skill level 7 in Summonings
  8551 | D:8      | Reached skill level 5 in Dodging
  9162 | D:8      | Reached skill level 5 in Air Magic
  9162 | D:8      | Reached XP level 9. HP: 38/38 MP: 13/17
  9168 | D:8      | Learned a level 5 spell: Summon Forest
  9278 | D:8      | Found a burning altar of Makhleb.
  9450 | D:8      | Reached skill level 1 in Translocations
  9714 | D:9      | Found a white marble altar of Elyvilon.
  9857 | D:9      | Noticed Erica
  9872 | D:9      | Killed Erica
  9873 | D:9      | Reached skill level 8 in Summonings
  9973 | D:9      | Found a shadowy altar of Dithmenos.
  9990 | D:9      | Reached skill level 5 in Translocations
 10140 | D:9      | Found a sacrificial altar of Ru.
 10140 | D:9      | Found a hazy altar of Hepliaklqana.
 10140 | D:9      | Noticed a troll
 10160 | D:9      | Killed a troll
 10335 | D:9      | Found a staircase to the Orcish Mines.
 10350 | D:9      | Noticed a death yak
 10352 | D:9      | Noticed a death yak
 10394 | D:9      | Killed a death yak
 10395 | D:9      | Reached XP level 10. HP: 43/43 MP: 5/18
 10426 | D:9      | Noticed a death yak
 10442 | D:9      | Killed a death yak
 10443 | D:9      | Reached skill level 5 in Fighting
 10447 | D:9      | Killed a death yak
 10592 | Temple   | Entered the Ecumenical Temple
 10923 | Temple   | Became a worshipper of Gozag Ym Sagoz the Greedy
 11160 | D:9      | Found a staircase to the Lair.
 11377 | Lair:1   | Entered Level 1 of the Lair of Beasts
 11427 | Lair:1   | Reached skill level 9 in Summonings
 11549 | Lair:1   | Reached skill level 10 in Translocations
 11717 | Lair:1   | Noticed a cane toad
 11725 | Lair:1   | Killed a cane toad
 11948 | Lair:1   | Noticed a cane toad
 11948 | Lair:1   | Noticed a cane toad
 11952 | Lair:1   | Killed a cane toad
 11953 | Lair:1   | Reached skill level 10 in Summonings
 11953 | Lair:1   | Killed a cane toad
 11954 | Lair:1   | Reached XP level 11. HP: 47/47 MP: 14/21
 12417 | Lair:2   | Found a staircase to the Shoals.
 12605 | Lair:2   | Found a staircase to the Snake Pit.
 12736 | Lair:2   | Reached skill level 11 in Summonings
 12980 | Lair:2   | Noticed a skyshark
 13002 | Lair:2   | Killed a skyshark
 13191 | Lair:2   | You fall into a shaft and drop 1 floor!
 13408 | Lair:2   | Learned a level 7 spell: Summon Hydra
 13927 | Lair:3   | Reached skill level 12 in Summonings
 14322 | Lair:3   | Found an iron altar of Okawaru.
 15239 | Lair:4   | Noticed a death yak
 15242 | Lair:4   | Noticed a death yak
 15244 | Lair:4   | Noticed a five-headed hydra
 15245 | Lair:4   | Noticed a death yak
 15249 | Lair:4   | Killed a death yak
 15250 | Lair:4   | Gained mutation: Your thick and shaggy fur keeps you warm.
                  | (AC +3, rC+) [Felid growth]
 15250 | Lair:4   | Reached XP level 12. HP: 54/54 MP: 19/23
 15250 | Lair:4   | Killed a five-headed hydra
 15252 | Lair:4   | Noticed a death yak
 15253 | Lair:4   | Killed a death yak
 15257 | Lair:4   | Reached skill level 13 in Summonings
 15269 | Lair:4   | Killed a death yak
 15270 | Lair:4   | Killed a death yak
 15422 | Lair:5   | Entered Level 5 of the Lair of Beasts
 15459 | Lair:5   | Reached skill level 14 in Summonings
 15795 | Lair:5   | Noticed a seven-headed hydra
 15799 | Lair:5   | Killed a seven-headed hydra
 15995 | Lair:2   | Bought a book of Death for 616 gold pieces
 16045 | Lair:4   | Reached skill level 15 in Summonings
 16561 | Lair:4   | Noticed Rupert
 16578 | Lair:4   | Killed Rupert
 16579 | Lair:4   | Reached XP level 13. HP: 58/58 MP: 19/25
 17462 | Lair:5   | Reached skill level 16 in Summonings
 17576 | Lair:4   | Mangled by a spriggan
 17577 | Lair:4   | Reached XP level 12. HP: -7/55 MP: 16/34
 17640 | Lair:5   | Found a staircase to the Slime Pits.
 17641 | Lair:5   | Found a viscous altar of Jiyva.
 17789 | Orc:1    | Entered Level 1 of the Orcish Mines
 17792 | Orc:2    | Entered Level 2 of the Orcish Mines
 17796 | Orc:1    | Found Zaren's General Store.
 18011 | Lair:5   | Noticed a death yak
 18014 | Lair:5   | Noticed a death yak
 18014 | Lair:5   | Noticed a death yak
 18018 | Lair:5   | Killed a death yak
 18020 | Lair:5   | Killed a death yak
 18020 | Lair:5   | Noticed a death yak
 18025 | Lair:5   | Noticed a death yak
 18025 | Lair:5   | Killed a death yak
 18046 | Lair:5   | Killed a death yak
 18047 | Lair:5   | Killed a death yak
 19206 | Lair:5   | Reached skill level 10 in Dodging
 19214 | Lair:5   | Learned a level 7 spell: Haunt
 19417 | Lair:5   | Reached skill level 1 in Necromancy
 19417 | Lair:5   | Reached XP level 13. HP: 60/60 MP: 1/27
 20846 | Slime:1  | Entered Level 1 of the Pits of Slime
 21048 | Slime:1  | Noticed a quicksilver ooze
 21054 | Slime:1  | Killed a quicksilver ooze
 21067 | Slime:1  | Noticed a quicksilver ooze
 21072 | Slime:1  | Killed a quicksilver ooze
 21507 | Slime:1  | Noticed a quicksilver ooze
 21510 | Slime:1  | Gained mutation: Your body sometimes deteriorates upon
                  | taking damage. [a shining eye]
 21522 | Slime:1  | Slain by a quicksilver ooze
 21523 | Slime:1  | Reached XP level 12. HP: -3/58 MP: 0/35
 21968 | Orc:1    | Bought 2 potions of mutation for 224 gold pieces
 21968 | Orc:1    | Lost mutation: Your body sometimes deteriorates upon taking
                  | damage. [potion of mutation]
 21968 | Orc:1    | Gained mutation: You have a somewhat thin skeletal
                  | structure. (Dex +2, Stealth+) [potion of mutation]
 21968 | Orc:1    | Gained mutation: Your muscles are strong. (Str +4, Int/Dex
                  | -1) [potion of mutation]
 21993 | Orc:1    | Found Orubina's Antique Armour Boutique.
 22139 | Orc:1    | Reached skill level 5 in Necromancy
 22153 | Orc:1    | Reached skill level 10 in Fighting
 22499 | Orc:2    | Noticed Donald
 22508 | Orc:2    | Killed Donald
 22706 | Orc:2    | Noticed Saint Roka
 22706 | Orc:2    | Paralysed by an orc sorcerer for 3 turns
 22707 | Orc:2    | HP: 2/58 [orc warrior/+0 scimitar (26)]
 22707 | Orc:2    | Slain by an orc sorcerer

Illustrated notes

Levels and vault maps discovered:
D:1:      eino_arrival_water_cross, layout_loops_corners, item_on_display_b
D:2:      layout_basic, dreamdust_ecumenical_altar_drowned_temple,
          serial_undead, serial_undead_d, serial_undead_a, serial_undead_f,
          serial_undead_b, st_stairs_1
D:3:      layout_basic, okawaru_gym_becter, mainiacjoe_overflow_24_doors,
          mainiacjoe_overflow_cross_hatched, minmay_rat_hole
D:4:      layout_gridville, minmay_close_crescents
D:5:      layout_loops_ring, minmay_temple_entry_gardened_gates,
          nicolae_grassy_gnolls
D:6:      layout_loops_corners
D:7:      layout_loops_ring, mainiacjoe_overflow_boulevard,
          nicolae_ashenzari_skybound, enter_ossuary_4
D:8:      layout_gridville, mainiacjoe_overflow_alcove_2, grunt_decor_cap
D:9:      layout_cross, mainiacjoe_overflow_chevrons, elyvilon_altar_3,
          gammafunk_temple_overflow_statue, dpeg_lair_monsters, uniq_erica
Temple:   hc_temple_tempest_star
Lair:1:   layout_long_grid, chequers_serial_rivers_small_b, wad_woods_river_01
Lair:2:   layout_loops_ring, minmay_shoals_entry_lonely_mermaid,
          guppyfry_snake_entry_island
Lair:3:   layout_cave_pods, lemuel_centaur_altar, grunt_megastairs_4,
          serial_bayou_shore_a
Lair:4:   layout_gridlike, patterned_corridor, infiniplex_staircase_pool,
          grunt_megastairs_2, uniq_rupert
Lair:5:   minmay_lair_end_enchanted_forest, layout_layer_cave, slime_entry_1,
          chequers_serial_rivers_large_a, minmay_lair_drake_nest
Slime:1:  layout_caves, nicolae_slime_phagocytosis
Orc:1:    layout_caves, serial_shops, shop, nicolae_square_shop, basic_altar
Orc:2:    grunt_orc_cross, layout_caves, serial_shops, shop, roderic_batcave,
          uniq_donald

Skill      XL: |  1  2  3  4  5  6  7  8  9 10 11 12 13 |
---------------+----------------------------------------+-----
Dodging        | 3 4 5 7 10 | 10.0
Spellcasting   | 3 4 5 6 7 9 8 |  9.5
Evocations     | 1 |  1.0
Hexes          | 2 4 5 |  5.0
Summonings     | 5 6 7 8 10 12 15 16 | 16.0
Air Magic      | 1 3 5 6 7 |  7.0
Fighting       | 1 3 4 5 7 10 8 | 10.0
Translocations | 6 10 | 10.0
Necromancy     | 5 4 |  5.8
Stealth        | |  2.6

Action                     |  1- 3 |  4- 6 |  7- 9 | 10-12 | 13-15 || total
---------------------------+-------+-------+-------+-------+-------++-------
  Melee: Unarmed           |    17 |    12 |    26 |     8 |    24 ||    87
         Bite              |     1 |     1 |     4 |     2 |     7 ||    15
         Punch             |       |       |       |       |     1 ||     1
   Cast: Summon Small Mamm |    39 |     3 |     7 |       |       ||    49
         Call Imp          |    12 |    11 |    30 |    24 |     1 ||    78
         Call Canine Famil |     8 |    29 |    44 |    34 |     5 ||   120
         Summon Guardian G |       |    16 |    27 |    28 |     5 ||    76
         Summon Lightning  |       |     1 |    12 |    40 |    16 ||    69
         Summon Forest     |       |       |       |    36 |     7 ||    43
         Summon Hydra      |       |       |       |    53 |    33 ||    86
 Invoke: Call Merchant     |       |       |       |     1 |     1 ||     2
  Evoke: Wand              |       |       |       |     1 |     7 ||     8
    Use: Scroll            |       |       |    11 |     7 |     2 ||    20
         Potion            |       |       |       |     6 |     5 ||    11
   Stab: Distracted        |       |       |     1 |       |       ||     1
 Armour: Skin              |     2 |     1 |     2 |     6 |     5 ||    16
  Dodge: Dodged            |    40 |    36 |    62 |   121 |    87 ||   346
